 Dungeon Crawl Stone Soup version 0.23.2-33-g5129a83184 (webtiles) character file.

Game seed: 16409068626535284069

11619 MalarOregon the Frost Mage (level 11, 0/90 HPs)
             Began as a Merfolk Ice Elementalist on July 31, 2019.
             Was an Elder of the Shining One.
             Slain by a minotaur
             ... wielding a +2 demon trident of pain
              (17 damage)
             ... in a Gauntlet.
             The game lasted 01:29:19 (17229 turns).

MalarOregon the Frost Mage (MfIE)                  Turns: 17229, Time: 01:29:20

Health: 0/90       AC:  9    Str:  8    XL:     11   Next: 80%
Magic:  15/18      EV: 20    Int: 18    God:    the Shining One [****..]
Gold:   505        SH:  8    Dex: 21    Spells: 5/20 levels left

rFire    . . .     SeeInvis .   B - +0 trident
rCold    . . .     Gourm    .   (no shield)
rNeg     + + .     Faith    .   F - +0 steam dragon scales
rPois    .         Spirit   .   k - +0 helmet
rElec    .         Reflect  .   h - +0 cloak (curse)
rCorr    .         Harm     .   m - +0 pair of fencer's gloves {Riposte Dex+3}
MR       .....     NoTele   +   (no boots)
Stlth    +.........             G - amulet of regeneration
HPRegen  0.65/turn              n - +3 ring of dexterity
MPRegen  0.16/turn              b - ring of wizardry

@: divine shield, glowing
A: change form in water, swift swim, stealthy swim
a: Divine Shield, Cleansing Flame, Renounce Religion


You were in a Gauntlet.
You worshipped the Shining One.
The Shining One was greatly pleased with you.
You were not hungry.

You visited 3 branches of the dungeon, and saw 11 of its levels.
You also visited: Gauntlet.

You collected 505 gold pieces.

Inventory:

Hand Weapons
 q - a +3 short sword of venom
   (You took it off Duvessa on level 4 of the Dungeon)
 B - a +0 trident (weapon)
   (You found it on level 5 of the Dungeon)
 H - a +1 scimitar of flaming
   (You took it off an efreet in a Gauntlet)
Armour
 a - +0 acid dragon scales
   (You found it in a Gauntlet)
 h - a cursed +0 cloak (worn)
   (You found it on level 6 of the Dungeon)
 k - a +0 helmet (worn)
   (You took it off Robin on level 1 of the Dungeon)
 m - the +0 pair of fencer's gloves (worn) {Riposte Dex+3}
   (You found it in a Gauntlet)

   It affects your dexterity (+3).
 v - a +3 plate armour of fire resistance
   (You found it in a Gauntlet)
 F - +0 steam dragon scales (worn)
   (You found it on level 7 of the Dungeon)
Magical Staves
 w - an uncursed staff of wizardry {!a}
   (You found it on level 5 of the Dungeon)
Jewellery
 b - a ring of wizardry (right hand)
   (You found it in a Gauntlet)
 n - a +3 ring of dexterity (left hand)
   (You found it on level 6 of the Dungeon)
 G - an amulet of regeneration (around neck)
   (You found it on level 8 of the Dungeon)
Wands
 f - a wand of scattershot (5)
   (You found it on level 5 of the Dungeon)
 u - a wand of paralysis (4)
   (You found it on level 5 of the Dungeon)
 x - a wand of acid (2)
   (You found it on level 5 of the Dungeon)
 A - a wand of polymorph (5)
   (You took it off Sigmund on level 6 of the Dungeon)
Scrolls
 c - 3 scrolls of identify {@r1}
 d - 3 scrolls of enchant armour
 g - 4 scrolls of fog
 j - a scroll of noise {!r}
 o - 4 scrolls of remove curse {@r2}
 s - 4 scrolls of teleportation {@r4}
 t - a scroll of blinking
 y - a scroll of fear
 z - 2 scrolls of enchant weapon
 C - 2 scrolls of immolation {!r}
 D - 2 scrolls of magic mapping
Potions
 i - a potion of mutation {!q}
 l - 3 potions of flight
 p - a potion of heal wounds {@q2}
 r - a potion of curing {@q1}
 E - a potion of invisibility
Comestibles
 e - 8 rations {!d}


   Skills:
 - Level 10.0 Fighting
 + Level 9.1 Polearms
 - Level 4.0 Armour
 + Level 8.9 Dodging
 - Level 2.1 Stealth
 - Level 5.0 Spellcasting
 - Level 0.7 Conjurations
 - Level 10.0 Ice Magic
 + Level 4.9 Invocations
 + Level 4.6 Evocations


You had 5 spell levels left.
You knew the following spells:

 Your Spells              Type           Power        Failure   Level  Hunger
a - Freeze                Ice            ####         1%          1    None
b - Ozocubu's Armour      Chrm/Ice       ###.....     1%          3    ##.....
c - Throw Icicle          Conj/Ice       ###.....     6%          4    ####...
d - Summon Ice Beast      Ice/Summ       ###.....     7%          4    ####...
t - Spectral Weapon       Hex/Chrm       #.......     16%         3    ##.....

Your spell library contained the following spells:

 Spells                   Type           Power        Failure   Level  Hunger
 Throw Frost              Conj/Ice       ###...       1%          2    #......
 Animate Skeleton         Necr           N/A          5%          1    None
 Infusion                 Chrm           #...         5%          1    None
 Pain                     Necr           #...         5%          1    None
 Shroud of Golubria       Chrm/Tloc      #.........   9%          2    #......
 Song of Slaying          Chrm           #.......     9%          2    #......
 Regeneration             Chrm/Necr      #.........   16%         3    ##.....
 Vampiric Draining        Necr           #.........   16%         3    ##.....
 Animate Dead             Necr           N/A          45%         4    ####...


Dungeon Overview and Level Annotations

Branches:
Dungeon (8/15)             Temple (1/1) D:5            Lair (2/6) D:8
 Shoals (0/4) Lair:2
  Snake: Lair:2-4    Spider: Lair:2-4

Altars:
Ashenzari
Cheibriados
Elyvilon
Fedhas
Gozag
Hepliaklqana
Kikubaaqudgha
Makhleb
Nemelex Xobeh
Okawaru
Qazlal
Ru
Sif Muna
Trog
Uskayaw
Vehumet
Xom
Yredelemnul
Zin
The Shining One
Lugonu

Annotations:
D:1 wormx2
Lair:2 Harold Gauntlet 12 transporters


Message History

You open the door.
A minotaur comes into view.
It is wielding a +2 demon trident of pain.
The minotaur throws a javelin.
The javelin completely misses you.
Found two items.
You start waiting.
The minotaur is too close now for your liking.
Aim: a minotaur, wielding a +2 demon trident of pain and wearing a +0 plate armour (haloed, chance to defeat MR: 5%)
Okay, then.
Aim: a minotaur, wielding a +2 demon trident of pain and wearing a +0 plate armour (haloed)
The bolt of acid hits the minotaur.
The minotaur is splashed with acid.
The minotaur hits you but does no damage.
Aim: a minotaur, wielding a +2 demon trident of pain and wearing a +0 plate armour (lightly wounded, haloed)
The bolt of acid hits the minotaur.
The minotaur is splashed with acid.
The acid corrodes the minotaur!
The minotaur hits you from afar with a +2 demon trident of pain!!
Attack whom?
Aim: a minotaur, wielding a +2 demon trident of pain and wearing a +0 plate armour (lightly wounded, covered in acid, haloed)
You reach to attack!
You hit the minotaur but do no damage.
The minotaur hits you from afar with a +2 demon trident of pain.
You writhe in agony.
Attack whom?
Aim: a minotaur, wielding a +2 demon trident of pain and wearing a +0 plate armour (lightly wounded, covered in acid, haloed)
You reach to attack!
You hit the minotaur but do no damage.
The minotaur hits you from afar with a +2 demon trident of pain.
Attack whom?
Aim: a minotaur, wielding a +2 demon trident of pain and wearing a +0 plate armour (lightly wounded, covered in acid, haloed)
You reach to attack!
You puncture the minotaur!
Attack whom?
Aim: a minotaur, wielding a +2 demon trident of pain and wearing a +0 plate armour (moderately wounded, covered in acid, haloed)
You reach to attack!
You hit the minotaur.
The minotaur hits you from afar with a +2 demon trident of pain!!
* * * LOW HITPOINT WARNING * * *
Aim: a minotaur, wielding a +2 demon trident of pain and wearing a +0 plate armour (moderately wounded, covered in acid, haloed)
The bolt of acid hits the minotaur!
The minotaur is splashed with acid.
The minotaur hits you from afar with a +2 demon trident of pain!
* * * LOW HITPOINT WARNING * * *
You writhe in agony.
* * * LOW HITPOINT WARNING * * *
You feel much better.
The minotaur hits you from afar with a +2 demon trident of pain!!
* * * LOW HITPOINT WARNING * * *
You feel much better.
The minotaur hits you from afar with a +2 demon trident of pain!!
* * * LOW HITPOINT WARNING * * *
You writhe in agony.
* * * LOW HITPOINT WARNING * * *
A divine shield forms around you!
You feel slightly more hungry.
The minotaur is no longer covered in acid.
The minotaur hits you from afar with a +2 demon trident of pain!
You die...

#[. #8H ####[. ####
###8.#8. #.8### #....#..
#....# #.#..#8. #@.#.#
#.#..##'##..#.#
#........H....#
#.#.##.#(##.#.#
#.#....#....#.#
###.#.#######.#.###
#≈...............≈#
####8..©.©.©.©.©.©.§8####
### ##
#8##≈..............§§##8#
#8# #8


You could see a minotaur.

Vanquished Creatures
  A hydra (D:8)
  A spectral death yak (Gauntlet)
  An oklob plant (Gauntlet)
  2 black mambas
  An elephant (D:7)
  A water nymph (D:8)
  The ghost of FishyPogo the Chiller, a novice DEIE of Qazlal (D:6)
  3 spiny frogs (Lair:1)
  An efreet (Gauntlet)
  Prince Ribbit (D:6)
  11 blink frogs
  Sigmund (D:6)
  A yak (D:8)
  A fire elemental (Gauntlet)
  2 basilisks
  2 steam dragons
  Edmund (D:6)
  2 water moccasins
  Duvessa (D:4)
  3 hell hounds (Gauntlet)
  A porcupine (D:8)
  2 orc warriors
  2 ice beasts
  An ogre (D:7)
  A crocodile (D:8)
  A bullfrog (D:8)
  Blork the orc (D:6)
  Dowan (D:4)
  5 scorpions
  6 killer bees
  4 howler monkeys
  4 quasits (D:6)
  3 hounds
  2 centaur skeletons
  4 orc wizards
  2 bullfrog skeletons (D:5)
  3 orc priests
  A jelly (D:8)
  2 iguanas
  Jessica (D:2)
  Natasha (thrice) (D:3)
  6 worker ants
  3 hound skeletons
  A mummy (D:4)
  Robin (D:1)
  10 adders
  2 shadow imps
  An ooze (D:2)
  An adder zombie (D:5)
  An adder skeleton (D:5)
  A worm (D:2)
  4 leopard geckos
  23 orcs
  7 bats
  5 giant cockroaches
  14 goblins
  8 hobgoblins
  A quokka (D:3)
  A ball python (D:3)
  10 frilled lizards
  4 kobolds
  4 rats
  6 fungi
  2 plants
204 creatures vanquished.

Vanquished Creatures (collateral kills)
  4 blink frogs (Lair:2)
  2 acid dragons (Gauntlet)
  A plant (Gauntlet)
7 creatures vanquished.

Vanquished Creatures (others)
  9 demonic plants (Gauntlet)
  3 fungi
  4 plants (Gauntlet)
16 creatures vanquished.

Grand Total: 227 creatures vanquished

Notes
Turn   | Place    | Note
-------+----------+-------------------------------------------
     0 | D:1      | MalarOregon the Merfolk Ice Elementalist began the quest
                  | for the Orb.
     0 | D:1      | Reached XP level 1. HP: 13/13 MP: 3/3
   308 | D:1      | Reached XP level 2. HP: 20/20 MP: 1/5
   312 | D:1      | Learned a level 2 spell: Throw Frost
   684 | D:2      | Reached skill level 1 in Fighting
   855 | D:2      | Noticed Robin
   898 | D:1      | Reached XP level 3. HP: 14/26 MP: 2/6
  1041 | D:1      | Learned a level 3 spell: Ozocubu's Armour
  1138 | D:1      | Killed Robin
  2498 | D:2      | Noticed Jessica
  2504 | D:2      | Killed Jessica
  2504 | D:2      | Reached XP level 4. HP: 23/33 MP: 0/7
  2753 | D:2      | Reached skill level 1 in Polearms
  3005 | D:2      | Found a sparkling altar of Nemelex Xobeh.
  3089 | D:3      | Found a shimmering altar of Xom.
  3097 | D:3      | Found an iron altar of Okawaru.
  3098 | D:3      | Found a snail-covered altar of Cheibriados.
  3098 | D:3      | Found a radiant altar of Vehumet.
  3098 | D:3      | Found a hazy altar of Hepliaklqana.
  3098 | D:3      | Found an opulent altar of Gozag.
  3099 | D:3      | Found a glowing silver altar of Zin.
  3100 | D:3      | Found a glowing golden altar of the Shining One.
  3101 | D:3      | Found a basalt altar of Yredelemnul.
  3103 | D:3      | Found an ancient bone altar of Kikubaaqudgha.
  3124 | D:3      | Became a worshipper of the Shining One
  3160 | D:3      | Reached skill level 1 in Armour
  3160 | D:3      | Reached XP level 5. HP: 26/39 MP: 8/8
  3330 | D:3      | Noticed Natasha
  3370 | D:3      | Killed Natasha
  3917 | D:3      | Noticed Natasha
  3931 | D:3      | Killed Natasha
  4230 | D:3      | Found a blossoming altar of Fedhas.
  4726 | D:3      | Found a blossoming altar of Fedhas.
  4828 | D:3      | Found a shimmering altar of Xom.
  4829 | D:3      | Noticed Natasha
  4836 | D:3      | Killed Natasha
  4963 | D:4      | Reached XP level 6. HP: 34/47 MP: 9/9
  5466 | D:4      | Reached skill level 5 in Ice Magic
  5618 | D:4      | Found a white marble altar of Elyvilon.
  5630 | D:4      | You fall through a shaft for 2 floors!
  5689 | D:6      | Noticed an ice beast
  5723 | D:6      | Reached XP level 7. HP: 50/53 MP: 7/11
  5882 | D:5      | Entered Level 5 of the Dungeon
  6174 | D:4      | Noticed Duvessa
  6176 | D:4      | Noticed Dowan
  6187 | D:4      | Killed Duvessa
  6210 | D:4      | Killed Dowan
  6901 | D:5      | Reached * piety under the Shining One
  7295 | D:5      | Reached XP level 8. HP: 59/61 MP: 12/12
  7318 | D:5      | Learned a level 4 spell: Summon Ice Beast
  7591 | D:5      | Learned a level 4 spell: Throw Icicle
  7605 | D:5      | Found a staircase to the Ecumenical Temple.
  7617 | D:5      | Reached skill level 5 in Fighting
  7830 | Temple   | Entered the Ecumenical Temple
  7969 | D:5      | Reached skill level 5 in Dodging
  8357 | D:6      | Noticed Prince Ribbit
  8416 | D:6      | Noticed Edmund
  8918 | D:6      | Killed Prince Ribbit
  8918 | D:6      | Reached skill level 5 in Polearms
  9021 | D:6      | Noticed Sigmund
  9021 | D:6      | Noticed Blork the orc
  9041 | D:6      | Killed Sigmund
  9041 | D:6      | Reached XP level 9. HP: 69/69 MP: 14/14
  9050 | D:6      | Killed Blork the orc
  9196 | D:6      | Found a transporter.
  9200 | D:6      | Noticed FishyPogo's ghost (novice DEIE)
  9228 | D:6      | Found a transporter.
  9615 | D:6      | Killed Edmund
  9865 | D:6      | Reached ** piety under the Shining One
 10424 | D:6      | Killed FishyPogo's ghost
 12257 | D:7      | Reached skill level 1 in Invocations
 12335 | D:7      | Reached skill level 1 in Evocations
 12911 | D:7      | Reached XP level 10. HP: 29/79 MP: 16/16
 13187 | D:8      | Found a staircase to the Lair.
 13187 | D:8      | Noticed an elephant
 13245 | D:8      | Noticed a two-headed ogre
 13256 | D:8      | Noticed a water nymph
 13256 | D:8      | a two-headed ogre changed into a water nymph
 13266 | D:8      | Killed a water nymph
 13517 | D:8      | Found a burning altar of Makhleb.
 13748 | D:8      | Learned a level 3 spell: Spectral Weapon
 13789 | D:7      | Killed an elephant
 13860 | D:8      | Reached skill level 5 in Spellcasting
 14109 | Lair:1   | Entered Level 1 of the Lair of Beasts
 14407 | Lair:1   | Noticed a black mamba
 14535 | D:8      | Killed a black mamba
 14650 | Lair:1   | Noticed a five-headed hydra
 14678 | D:8      | Killed a five-headed hydra
 14678 | D:8      | Reached XP level 11. HP: 29/89 MP: 18/18
 15693 | Lair:1   | You fall through a shaft!
 15723 | Lair:2   | Reached skill level 10 in Ice Magic
 15789 | Lair:2   | Noticed Harold
 15806 | Lair:2   | Found a gate leading to a gauntlet.
 15818 | Gauntlet | Entered a Gauntlet
 15818 | Gauntlet | Found a transporter.
 15826 | Gauntlet | Noticed an oklob plant
 15833 | Gauntlet | Noticed a death scarab
 15834 | Gauntlet | Noticed a spectral death yak
 15836 | Gauntlet | Found a transporter.
 15836 | Gauntlet | Found a transporter.
 15847 | Gauntlet | Found a transporter.
 15858 | Gauntlet | Found a transporter.
 15863 | Gauntlet | Found a transporter.
 15864 | Gauntlet | Reached *** piety under the Shining One
 15878 | Gauntlet | Found a transporter.
 15880 | Gauntlet | Found the +0 pair of fencer's gloves {Riposte Dex+3}
 15897 | Gauntlet | Found a transporter.
 15897 | Gauntlet | Noticed a necromancer
 15899 | Gauntlet | Noticed a death yak
 15900 | Gauntlet | Noticed a death yak
 15900 | Gauntlet | Noticed a death yak
 15905 | Gauntlet | Noticed a sixfirhy
 15909 | Gauntlet | Found a transporter.
 15917 | Gauntlet | Found a transporter.
 15925 | Gauntlet | Noticed a sixfirhy
 15926 | Gauntlet | Noticed a sixfirhy
 15934 | Gauntlet | Found a transporter.
 15934 | Gauntlet | Noticed a fire crab
 15940 | Gauntlet | Found a transporter.
 15959 | Gauntlet | Found a transporter.
 15965 | Gauntlet | Found a transporter.
 15967 | Gauntlet | Found a transporter.
 15984 | Gauntlet | Found a transporter.
 15990 | Gauntlet | Reached **** piety under the Shining One
 16004 | Gauntlet | Found a transporter.
 16021 | Gauntlet | Found a transporter.
 16139 | Gauntlet | Killed a spectral death yak
 16968 | Gauntlet | Killed an oklob plant
 17036 | Gauntlet | Reached skill level 10 in Fighting
 17212 | Gauntlet | Noticed a minotaur
 17213 | Gauntlet | Found the +0 mask of the Dragon {MR+ Slay+3 SInv}
 17229 | Gauntlet | Slain by a minotaur

Skill      XL: |  1  2  3  4  5  6  7  8  9 10 11 |
---------------+----------------------------------+-----
Fighting       | 1 2 3 4 6 7 9 10 | 10.0
Dodging        | 3 4 5 6 7 8 |  8.9
Ice Magic      | 4 5 7 8 9 10 | 10.0
Polearms       | 1 2 3 5 6 7 9 |  9.1
Armour         | 1 2 3 4 |  4.0
Spellcasting   | 3 4 5 |  5.0
Invocations    | 1 3 4 |  4.9
Evocations     | 1 3 4 |  4.6
Stealth        | |  2.1
Conjurations   | |  0.7

Action                   |  1- 3 |  4- 6 |  7- 9 | 10-12 || total
-------------------------+-------+-------+-------+-------++-------
Melee: Unarmed           |     4 |       |       |       ||     4
       Short sword       |    55 |       |   269 |   241 ||   565
       Spear             |    20 |   134 |    26 |       ||   180
       Trident           |       |       |    76 |   214 ||   290
 Cast: Freeze            |    43 |    38 |    43 |    62 ||   186
       Throw Frost       |     4 |    26 |    10 |       ||    40
       Ozocubu's Armour  |     4 |       |     2 |       ||     6
       Throw Icicle      |       |       |       |    11 ||    11
       Summon Ice Beast  |       |       |       |    10 ||    10
Invok: Divine Shield     |       |       |       |     2 ||     2
Evoke: Wand              |       |       |     4 |    16 ||    20
  Use: Scroll            |     5 |     8 |     6 |     5 ||    24
       Potion            |       |       |     5 |     4 ||     9
 Stab: Sleeping          |     3 |     1 |       |       ||     4
  Eat: Chunk             |     4 |     5 |    16 |    10 ||    35
       Ration            |     1 |     2 |     2 |     3 ||     8
Armor: Robe              |    23 |    24 |   122 |     2 ||   171
       Skin              |       |       |    50 |    20 ||    70
       Steam dragon scal |       |       |       |    59 ||    59
Dodge: Dodged            |    74 |    99 |   397 |   216 ||   786
Block: Other             |       |       |       |     4 ||     4
